 Dungeon Crawl Stone Soup version 0.27.1-2-g3b301248ec (webtiles) character file.

Game seed: 8052423471355362486

23 worthlessgem the Magician (level 3, 26/26 HPs)
             Began as a Djinni Fire Elementalist on Sept 23, 2021.
             Quit the game on level 1 of the Dungeon.
             The game lasted 00:05:28 (1070 turns).

worthlessgem the Magician (DjFE)                    Turns: 1070, Time: 00:05:28

Health: 26/26      AC:  3    Str:  7    XL:     3   Next: 12%
Gold:   42         EV: 12    Int: 17    God:
                   SH:  0    Dex: 13

rFire    + + .     SeeInvis .   b - +0 short sword
rCold    x . .     Faith    .   (no shield)
rNeg     . . .     Spirit   .   a - +0 robe
rPois    ∞         Reflect  .   (no helmet)
rElec    .         Harm     .   e - +0 cloak
rCorr    .         Rampage  .   (no gloves)
Will     .....                  (boots unavailable)
Stlth    ++........             (no amulet)
HPRegen  0.08/turn              (no ring)
MPRegen  0.00/turn              (no ring)

@: flying
A: sickness immunity, fire resistance 2, cold vulnerability 1, float, innate
caster, hp casting, extra vitality 1
a: no special abilities


You were on level 1 of the Dungeon.
You visited 1 branch of the dungeon, and saw 1 of its levels.

You collected 42 gold pieces.

Inventory:

Hand Weapons
 b - a +0 short sword (weapon)
Missiles
 c - 5 stones
 f - 10 poisoned darts
Armour
 a - a +0 robe (worn)
 e - a +0 cloak (worn)
Scrolls
 d - a scroll of acquirement {unknown}
 g - a scroll of identify {unknown}
 h - a scroll of enchant weapon {unknown}
 j - a scroll of fog {unknown}
Potions
 i - a potion of magic {unknown}


   Skills:
 + Level 0.7 Fighting
 - Level 2.1 Dodging
 - Level 1.5 Stealth
 + Level 3.1 Spellcasting


You couldn't memorise any spells.
You knew the following spells:

 Your Spells              Type           Power      Damage    Failure   Level
a - Foxfire               Conj/Fire      52%        2x1d6     4%          1
b - Conjure Flame         Conj/Fire      13%        6-21      14%         3
c - Inner Flame           Hex/Fire       13%        N/A       14%         3
d - Sticky Flame          Conj/Fire      13%        2d4       43%         4
e - Fireball              Conj/Fire      6%         3d5       80%         5
f - Sting                 Tmut/Pois      52%        1d5       4%          1
Your spell library was empty.

Dungeon Overview and Level Annotations

Branches:
Dungeon (1/15)

Altars:


Innate Abilities, Weirdness & Mutations

You are immune to sickness and miasma.
You are immune to poison.
Your flesh is very heat resistant. (rF++)
You are vulnerable to cold. (rC-)
You float through the air rather than walking.
You learn spells naturally, not from books.
Your magical power is your life essence.
You have superior vitality. (+4 HP)


Message History

Found a stone staircase leading down.
The hobgoblin shouts!
Casting: Foxfire (safe; 4% risk of failure)
Confirm with . or Enter, or press ? or * to list all spells.
You conjure some foxfire!
Unknown command.
Casting: Foxfire (safe; 4% risk of failure)
Confirm with . or Enter, or press ? or * to list all spells.
You conjure some foxfire!
The foxfire hits the hobgoblin.
The hobgoblin is moderately wounded.
The foxfire hits the hobgoblin.
The hobgoblin is almost dead.
Unknown command.
The foxfire hits the hobgoblin.
You kill the hobgoblin!
The foxfire hits the rat.
You kill the rat!
You see here a +0 dagger.
You reach down and open the door.
A bat comes into view.
Casting: Foxfire (safe; 4% risk of failure)
Confirm with . or Enter, or press ? or * to list all spells.
You conjure some foxfire!
Unknown command.
b - a +0 short sword (weapon)
The foxfire hits the bat.
You kill the bat!
There is an open door here.
Your foxfire dissipates!
There is a stone staircase leading down here.
There is an open door here.
Done exploring.
Done exploring.
No monsters, items or features are visible.
Okay, then.
Unknown command.
Unknown command.
Unknown command.
Unknown command.
Are you sure you want to abandon this character and quit the game? (Confirm with "yes".)

#..####'####......#
#..#.......#....###
#..#.......#.#### #
#..#..♣♣♣..#.# #
#..#..♣_♣..#.######
#..#..♣'♣..#.......
#..#.......#.......
#..#.......#.......
#.@#########.##'###
##..............# #
###########..### #
#.....### #........
#.......# #.....#.#
#.....#.# #.....#.#


There were no monsters in sight!

Vanquished Creatures
  A dart slug (D:1)
  2 bats (D:1)
  2 goblins (D:1)
  A hobgoblin (D:1)
  4 jackals (D:1)
  4 kobolds (D:1)
  A frilled lizard (D:1)
  5 rats (D:1)
20 creatures vanquished.

Vanquished Creatures (others)
  49 foxfires (D:1)
49 creatures vanquished.

Grand Total: 69 creatures vanquished

Notes
Turn   | Place    | Note
-------+----------+-------------------------------------------
     0 | D:1      | worthlessgem the Djinni Fire Elementalist began the quest
                  | for the Orb.
     0 | D:1      | Reached XP level 1. HP: 15/15 MP: 0/0
   233 | D:1      | Reached XP level 2. HP: 20/21 MP: 0/0
   363 | D:1      | Found a faded altar of an unknown god.
   641 | D:1      | Reached skill level 3 in Spellcasting
   876 | D:1      | Reached XP level 3. HP: 24/26 MP: 0/0
   876 | D:1      | Learned a level 1 spell: Sting
  1070 | D:1      | Quit the game

Illustrated notes

Levels and vault maps discovered:
D:1:      ncdulo_lavacross, layout_basic,
          hellmonk_ecumenical_altar_inner_sanctum, due_unseen_surprise

Skill      XL: |  1  2 |
---------------+-------+-----
Spellcasting   | 3 |  3.1
Fighting       | |  0.7
Dodging        | |  2.1
Stealth        | |  1.5

Action                   || total
-------------------------++-------
 Cast: Foxfire           ||    28
Armor: Robe              ||     1
Dodge: Dodged            ||     3
